 Dungeon Crawl Stone Soup version 0.30.0-15-g856e2d3f33 (webtiles) character file.

Game seed: 3951191746280242468

113 chunkyMonkey the Ruffian (level 4, -6/36 HPs)
             Began as a Demigod Transmuter on May 19, 2023.
             Mangled by Ijyb
             ... wielding a +7 club
              (13 damage)
             ... on level 3 of the Dungeon.
             The game lasted 00:04:21 (3307 turns).

chunkyMonkey the Ruffian (Demigod Transmuter)       Turns: 3307, Time: 00:04:22

Health: -6/36      AC:  3    Str: 15    XL:     4   Next: 39%
Magic:  5/9        EV: 12    Int: 15    God:
Gold:   118        SH:  0    Dex: 14    Spells: 1/7 levels left

rFire   . .          .
                       - Unarmed
rCold   . . .        (no shield)
rNeg    . . .        m - +0 leather armour
rPois   .            (no helmet)
rElec   .            (no cloak)
rCorr   .            (no gloves)
SInv    .            (no boots)
Will    .....        (no amulet)
Stlth   +            (no ring)
HPRegen 0.26/turn    (no ring)
MPRegen 0.11/turn

%: no passive effects
@: wereblooded
A: high MP 1, forlorn, divine attributes
a: no special abilities


You were on level 3 of the Dungeon.
You visited 1 branch of the dungeon, and saw 3 of its levels.

You collected 118 gold pieces.

Inventory:

Armour
 a - a +0 robe
 m - a +0 leather armour (worn)
Scrolls
 c - a scroll of noise {unknown}
 d - 2 scrolls of vulnerability {unknown}
 e - 4 scrolls of teleportation {unknown}
 g - 2 scrolls of identify {unknown}
 h - 2 scrolls of immolation {unknown}
 i - a scroll of blinking {unknown}
 l - a scroll of enchant weapon {unknown}
 o - a scroll of enchant armour {unknown}
Potions
 b - a potion of lignification
 f - 2 potions of degeneration {unknown}
 j - 3 potions of curing {unknown}
 k - 2 potions of might {unknown}
 n - 2 potions of flight {unknown}
 p - a potion of ambrosia {unknown}
 q - a potion of invisibility {unknown}
 r - a potion of resistance {unknown}


   Skills:
 * Level 2.0 Fighting
 + Level 0.9 Armour
 * Level 2.5 Dodging
 * Level 3.3 Unarmed Combat
 + Level 2.0 Spellcasting
 + Level 2.2 Transmutations
 + Level 0.6 Poison Magic


You had one spell level left.
You knew the following spells:

 Your Spells              Type           Power      Damage    Failure   Level
a - Beastly Appendage     Tmut           16%        N/A       11%         1
b - Wereblood             Tmut           8%         N/A       17%         2
c - Spider Form           Tmut/Pois      5%         N/A       41%         3

Your spell library contained the following spells:

 Spells                   Type           Power      Damage    Failure   Level
 Ice Form                 Ice/Tmut       4%         N/A       86%         4


Dungeon Overview and Level Annotations

Branches:
Dungeon (3/15)

Shops:
D:3 :

Annotations:
D:3 Ijyb


Innate Abilities, Weirdness & Mutations

You have an increased reservoir of magic. (+10% MP)
You shall have no god before yourself.
Your divine heritage dramatically boosts your attributes as you level up.


Message History

Confirm with . or Enter, or press ? or * to list all spells.
You grow a pair of large bovine horns.
Your feet morph into talons.
Your transformation is almost over.
The goblin completely misses you.
You hit the goblin. You claw the goblin, but do no damage.
The goblin is heavily wounded.
The goblin hits you with a +0 club.
You hit the goblin.
You feel a bit better.
You kill the goblin!
You hit the goblin but do no damage. You claw the goblin.
You headbutt the goblin.
You feel a bit better.
You kill the goblin!
You howl as the wereblood boils in your veins!
Your Fighting skill increases to level 2!
You howl as the wereblood boils in your veins!
The goblin completely misses you.
Things that are here:
a +0 dagger; a +0 club; a goblin corpse You closely miss the goblin.
You claw the goblin.
The goblin is severely wounded.
The goblin hits you with a +0 dagger.
Your magical contamination has completely faded away.
You barely miss the goblin. Your headbutt misses the goblin.
The goblin is severely wounded.
The goblin barely misses you.
You hit the goblin.
You feel a bit better.
You kill the goblin!
Ijyb zaps a wand.
The mass of ice explodes!
The iceblast engulfs you! Ijyb hits you with a +7 club!
You see here a +0 dagger.
You hit Ijyb but do no damage. You claw Ijyb. You headbutt Ijyb!
Ijyb is heavily wounded.
Ijyb hits you with a +7 club.
* * * LOW HITPOINT WARNING * * *
You hit Ijyb. Your kick misses Ijyb. You headbutt Ijyb, but do no damage.
Ijyb is heavily wounded.
You howl as the wereblood boils in your veins!
Your horns disappear.
Your talons disappear.
Ijyb hits you with a +7 club!
You die...

#.#
#####.#.##.########.#...
#.# #.#.#...........####
#.# #.#...###########
####†## #.###.# #.....#
#.....# #.....##### #######
#.....)...# ##########
#.........########........#
#.........##..)@ggg.......#
#
#.........##.####g#8.....8#
#
######....##.#..#.#.g.....#
# ####....#..#.#8..g..8# #
###..#..#†#.g.....# ##
###..#....#8.g...8# #.
#....#.####.......# #.
#####....#.# #8.....8# #.
#..........# #.


You could see Ijyb and 3 goblins.

Vanquished Creatures
  5 adders
  A worm (D:3)
  A dart slug (D:3)
  4 bats
  5 endoplasms
  6 giant cockroaches
  10 goblins
  2 hobgoblins
  7 jackals
  5 kobolds
  A quokka (D:3)
  4 ball pythons
  2 frilled lizards (D:1)
  3 rats
56 creatures vanquished.

Notes
Turn   | Place    | Note
-------+----------+-------------------------------------------
     0 | D:1      | chunkyMonkey the Demigod Transmuter began the quest for the
                  | Orb.
     0 | D:1      | Reached XP level 1. HP: 15/15 MP: 5/5
    94 | D:1      | Reached skill level 1 in Fighting
   513 | D:1      | Reached XP level 2. HP: 23/23 MP: 2/7
   957 | D:1      | Learned a level 2 spell: Wereblood
  1118 | D:1      | Reached skill level 3 in Unarmed Combat
  1693 | D:2      | Reached XP level 3. HP: 26/28 MP: 6/8
  1726 | D:2      | Learned a level 3 spell: Spider Form
  2659 | D:3      | Reached XP level 4. HP: 22/36 MP: 4/9
  2840 | D:3      | Found Doihail's Book Shop.
  3287 | D:3      | Noticed Ijyb
  3307 | D:3      | Mangled by Ijyb

Illustrated notes

Levels and vault maps discovered:
D:1:      moated_graveyard_arrival, layout_basic
D:2:      layout_basic
D:3:      kennysheep_the_goblin_king, layout_basic, serial_shops, shop_fountains

Skill      XL: |  1  2  3  4 |
---------------+-------------+-----
Fighting       | 1 2 |  2.0
Dodging        | 2 |  2.5
Unarmed Combat | 3 |  3.3
Transmutations | 2 |  2.2
Spellcasting   | 2 |  2.0
Armour         | |  0.9
Poison Magic   | |  0.6

Action                     |  1- 3 |  4- 6 || total
---------------------------+-------+-------++-------
  Melee: Unarmed           |   127 |    26 ||   153
         Kick              |    30 |     8 ||    38
         Headbutt          |    15 |     7 ||    22
         Punch             |       |     2 ||     2
   Cast: Beastly Appendage |    42 |     9 ||    51
         Wereblood         |     1 |     1 ||     2
   Stab: Sleeping          |     2 |     1 ||     3
 Armour: Robe              |    21 |       ||    21
         Leather armour    |    20 |     3 ||    23
  Dodge: Dodged            |    79 |    15 ||    94
